 Dungeon Crawl Stone Soup version 0.22.1 (console) character file.

1610 erker the Carver (level 8, -1/70 HPs)
             Began as a Minotaur Fighter on Sept 17, 2018.
             Was an Initiate of Makhleb.
             Slain by a hog (4 damage)
             ... on level 7 of the Dungeon.
             The game lasted 00:10:35 (4672 turns).

erker the Carver (Minotaur Fighter)                 Turns: 4672, Time: 00:10:36

Health: -1/70      AC:  9    Str: 22    XL:     8   Next: 63%
Magic:  7/7        EV:  9    Int: 10    God:    Makhleb [......]
Gold:   389        SH: 10    Dex: 11    Spells: 7/7 levels left

rFire    . . .     SeeInvis .   a - +0 long sword
rCold    . . .     Gourm    .   c - +0 shield
rNeg     . . .     Faith    .   b - +0 scale mail
rPois    .         Spirit   .   (helmet restricted)
rElec    .         Reflect  .   (no cloak)
rCorr    .         Harm     .   E - +0 pair of gloves
MR       .....                  (no boots)
Stlth    ..........             (no amulet)
HPRegen  0.21/turn              n - +5 ring of intelligence
MPRegen  0.10/turn              (no ring)

@: no status effects
A: retaliatory headbutt, horns 2
a: Renounce Religion


You were on level 7 of the Dungeon.
You worshipped Makhleb.
Makhleb was noncommittal.
You were very hungry.

You visited 2 branches of the dungeon, and saw 8 of its levels.

You collected 389 gold pieces.

Inventory:

Hand Weapons
 a - a +0 long sword (weapon)
Missiles
 i - 8 tomahawks (quivered)
 k - 20 poisoned needles
 s - 3 javelins
 D - 2 needles of sleeping
Armour
 b - a +0 scale mail (worn)
 c - a +0 shield (worn)
 x - a +0 leather armour of cold resistance
 E - a +0 pair of gloves (worn)
Jewellery
 n - a +5 ring of intelligence (left hand)
Wands
 q - a wand of random effects (19)
Scrolls
 e - 4 scrolls of magic mapping {unknown}
 g - 3 scrolls of remove curse {unknown}
 h - 7 scrolls of teleportation {unknown}
 m - 4 scrolls of identify {unknown}
 o - a scroll of fog {unknown}
 r - a scroll of enchant armour {unknown}
 v - a scroll of immolation {unknown}
 w - a scroll of noise {unknown}
 y - 3 scrolls of fear {unknown}
 z - 2 scrolls of amnesia {unknown}
 A - a scroll of random uselessness {unknown}
 B - a scroll of summoning {unknown}
Potions
 d - a potion of might
 j - 2 potions of flight
 l - a potion of lignification {unknown}
 p - a potion of degeneration {unknown}
 t - a potion of agility {unknown}
 u - 2 potions of berserk rage {unknown}
 C - a potion of cancellation {unknown}
Comestibles
 f - 17 rations


   Skills:
 + Level 5.8 Fighting
 + Level 8.3 Long Blades
 + Level 7.2 Armour
 + Level 3.0 Dodging
 + Level 6.9 Shields


You had 7 spell levels left.
You didn't know any spells.
Your spell library was empty.

Dungeon Overview and Level Annotations

Branches:
Dungeon (7/15)             Temple (1/1) D:6

Altars:
Cheibriados
Dithmenos
Fedhas
Hepliaklqana
Kikubaaqudgha
Makhleb
Nemelex Xobeh
Okawaru
Qazlal
Ru
Sif Muna
Uskayaw
Vehumet
Wu Jian
Xom
Yredelemnul

Annotations:
D:3 2 transporters


Innate Abilities, Weirdness & Mutations

You reflexively headbutt those who attack you in melee.
You have a pair of horns on your head.


Message History

A water moccasin comes into view.
The water moccasin hisses angrily.
The hog bites you. The hog bites you. You block the hog's attack.
You block the hog's attack. The hog bites you!
* * * LOW HITPOINT WARNING * * *
The hog barely misses you. You furiously retaliate!
You headbutt the hog. The hog bites you!
* * * LOW HITPOINT WARNING * * *
A kobold comes into view.
The hog bites you.
* * * LOW HITPOINT WARNING * * *
The human hits you but does no damage.
The kobold shouts!
A kobold comes into view.
You block the human's attack.
Okay, then.
The hog completely misses you. The hog bites you.
You die...

#.....#%%#..#.........#
#.oK..#%.#..#.........#
#.....#..'..#.........#
#.....#..#..#.........#
#.....#.†#.=#.........#
#.....#'#####.........#
#.KK...K..........########
#######.(KK.Ko.#########.......#
......'...oKohh@.......+.......'
########...op.Sh#########.......#
................# #.......#
................# #.......#
........[######## #......^#
...(.....# #.......# .........#
#.......# ......./S# #.......#
.....$...# #.......#


You could see 3 hogs, a human, a water moccasin, a big kobold, an orc priest, 3
orcs and 6 kobolds.

Vanquished Creatures
  A hog (D:7)
  Edmund (D:5)
  An ice beast (D:5)
  A phantom (D:5)
  A sky beast (D:5)
  3 ogres
  3 bullfrogs
  A crimson imp (D:6)
  A bullfrog skeleton (D:5)
  2 jellies
  3 orc priests (D:5)
  A hound (D:4)
  An iguana (D:4)
  Ijyb (D:3)
  Natasha (thrice) (D:3)
  Terence (D:2)
  3 worker ants (D:4)
  A hound zombie (D:5)
  A hound skeleton (D:4)
  5 adders
  A shadow imp (D:7)
  2 oozes (D:3)
  A worm (D:4)
  A dart slug (D:1)
  3 leopard geckos
  11 orcs
  8 bats
  5 giant cockroaches
  8 hobgoblins
  3 jackals (D:1)
  A quokka (D:2)
  A ball python (D:1)
  6 frilled lizards
  6 goblins
  5 kobolds
  7 rats
104 creatures vanquished.

Notes
Turn   | Place    | Note
-------+----------+-------------------------------------------
     0 | D:1      | erker the Minotaur Fighter began the quest for the Orb.
     0 | D:1      | Reached XP level 1. HP: 19/19 MP: 0/0
   152 | D:1      | Reached XP level 2. HP: 26/27 MP: 1/1
   360 | D:1      | Reached skill level 3 in Long Blades
   566 | D:2      | Found a sacrificial altar of Ru.
   571 | D:2      | Reached XP level 3. HP: 27/33 MP: 2/2
   610 | D:2      | Found a basalt altar of Yredelemnul.
   692 | D:2      | Found a blossoming altar of Fedhas.
   729 | D:2      | Noticed Terence
   893 | D:2      | Killed Terence
   893 | D:2      | Reached XP level 4. HP: 36/40 MP: 3/3
  1104 | D:2      | Found a deep blue altar of Sif Muna.
  1128 | D:2      | Found a sparkling altar of Nemelex Xobeh.
  1496 | D:3      | Found a transporter.
  1523 | D:3      | Noticed a two-headed ogre
  1524 | D:3      | Found a transporter.
  1535 | D:3      | Found a hide-covered altar of Uskayaw.
  1605 | D:3      | Noticed Ijyb
  1618 | D:3      | Killed Ijyb
  1618 | D:3      | Reached skill level 4 in Long Blades
  1618 | D:3      | Reached XP level 5. HP: 40/47 MP: 4/4
  1619 | D:3      | Noticed Natasha
  1628 | D:3      | Killed Natasha
  1628 | D:3      | Reached skill level 1 in Dodging
  1635 | D:3      | Noticed Natasha
  1641 | D:3      | Killed Natasha
  1644 | D:3      | Noticed Natasha
  1655 | D:3      | HP: 1/47 [Natasha (4)]
  1661 | D:3      | Killed Natasha
  1712 | D:3      | Reached skill level 5 in Armour
  1966 | D:4      | Noticed an ogre
  1969 | D:4      | Reached skill level 5 in Shields
  1969 | D:4      | Reached XP level 6. HP: 53/53 MP: 5/5
  2095 | D:4      | Reached skill level 5 in Long Blades
  2236 | D:4      | Reached XP level 7. HP: 37/60 MP: 6/6
  2669 | D:5      | Entered Level 5 of the Dungeon
  3096 | D:5      | Reached skill level 5 in Fighting
  3096 | D:5      | Reached skill level 6 in Long Blades
  3282 | D:5      | Noticed Edmund
  3346 | D:5      | Killed Edmund
  3882 | D:5      | Reached skill level 7 in Long Blades
  3882 | D:5      | Reached XP level 8. HP: 24/68 MP: 7/7
  4234 | D:6      | Reached skill level 8 in Long Blades
  4348 | D:6      | Found a staircase to the Ecumenical Temple.
  4354 | Temple   | Entered the Ecumenical Temple
  4488 | Temple   | Became a worshipper of Makhleb the Destroyer
  4667 | D:7      | HP: 2/70 [hog (6)]
  4672 | D:7      | Slain by a hog

Skill      XL: |  1  2  3  4  5  6  7  8 |
---------------+-------------------------+-----
Armour         | 4 5 6 7 |  7.2
Shields        | 4 5 6 |  6.9
Long Blades    | 3 4 5 7 8 |  8.3
Fighting       | 4 5 |  5.8
Dodging        | 1 2 3 |  3.0

Action                   |  1- 3 |  4- 6 |  7- 9 || total
-------------------------+-------+-------+-------++-------
Melee: Long sword        |    90 |   112 |   133 ||   335
       Headbutt          |    11 |    22 |    36 ||    69
Throw: Tomahawk          |       |       |     1 ||     1
Evoke: Wand              |       |     1 |       ||     1
  Use: Potion            |       |     2 |       ||     2
  Eat: Chunk             |       |     5 |     6 ||    11
Armor: Scale mail        |    29 |    38 |    32 ||    99
       Leather armour    |       |       |     7 ||     7
Dodge: Dodged            |    22 |    36 |    40 ||    98
Block: Shield            |    48 |    61 |    72 ||   181
       Rpst.: Long sword |     5 |    15 |    12 ||    32
